 Dungeon Crawl Stone Soup version 0.28-a0-1624-g820543e53a (webtiles) character file.

Game seed: 3540061154303650496

2904 croobank the Cleaver (level 9, -1/123 HPs)
             Began as a Minotaur Berserker on Jan 24, 2022.
             Was a Priest of Trog.
             Succumbed to an orc wizard's poison
             ... on level 7 of the Dungeon.
             The game lasted 00:24:22 (7840 turns).

croobank the Cleaver (Minotaur Berserker)           Turns: 7840, Time: 00:24:22

Health: -1/123     AC: 16    Str: 29    XL:     9   Next: 49%
Magic:  8/8        EV: 10    Int:  4    God:    Trog [***...]
Gold:   350        SH:  0    Dex: 13    Spells: 8/8 levels left

rFire   . . .      SeeInvis .   q - +4 dagger (flame)
rCold   . . .      Faith    .   (no shield)
rNeg    + . .      Spirit   .   h - +0 plate armour
rPois   .          Reflect  .   (helmet restricted)
rElec   .          Harm     .   (no cloak)
rCorr   .          Rampage  .   j - +1 pair of gloves
Will    ++...                   (no boots)
Stlth   ..........              (no amulet)
HPRegen 1.30/turn               b - +6 ring of strength
MPRegen 0.11/turn               v - ring of positive energy

@: berserking (expiring), lethally poisoned (-1 -> -14), strong-willed,
regenerating, very quick
A: horns 2, retaliatory headbutt
a: Renounce Religion, Berserk, Trog's Hand


You were on level 7 of the Dungeon.
You worshipped Trog.
Trog was most pleased with you.
You visited 1 branch of the dungeon, and saw 8 of its levels.

You collected 350 gold pieces.

Inventory:

Hand Weapons
 a - a +0 hand axe
 l - a +2 dagger of speed
 q - a +4 dagger of flaming (weapon)
 s - a +0 morningstar
 u - a +0 great sword
 y - a +2 flail of holy wrath
 H - a +3 hand axe of flaming
Missiles
 d - 26 bolts
 e - 3 poisoned darts (quivered)
 g - 70 sling bullets
 k - 84 arrows
 o - 74 stones
 x - 2 throwing nets
 D - 3 javelins
Armour
 h - a +0 plate armour (worn)
 j - a +1 pair of gloves (worn)
 m - a +0 ring mail
 r - a +2 robe of cold resistance
 z - a +0 leather armour of poison resistance
Jewellery
 b - a +6 ring of strength (left hand)
 n - a +6 ring of intelligence
 v - a ring of positive energy (right hand)
 B - a +4 ring of protection
 G - a ring of see invisible
Wands
 f - a wand of acid (7)
 p - a wand of flame (37)
 J - a wand of mindburst (14)
Scrolls
 i - 2 scrolls of fear
 w - a scroll of immolation
 C - 2 scrolls of identify
 I - a scroll of brand weapon {unknown}
 K - a scroll of teleportation {unknown}
Potions
 c - 2 potions of magic
 t - a potion of invisibility
 E - a potion of degeneration {unknown}
 F - 2 potions of curing
 L - a potion of ambrosia {unknown}


   Skills:
 + Level 8.7 Fighting
 + Level 8.7 Axes
 + Level 8.2 Armour
 + Level 7.5 Dodging


You had 8 spell levels left.
You didn't know any spells.
Your spell library was empty.

Dungeon Overview and Level Annotations

Branches:
Dungeon (8/15)             Temple (0/1) D:6
   Lair: D:8-11

Altars:
Hepliaklqana
Nemelex Xobeh
Okawaru
Xom

Shops:
D:1 (

Annotations:
D:4 2 runed translucent doors, HallandMoats's ghost, amateur DsFi
D:7 2 transporters, grumblor's ghost, novice DjGl


Innate Abilities, Weirdness & Mutations

You have a pair of horns on your head.
You reflexively headbutt those who attack you in melee.


Message History

You are more poisoned.
You miss something. You headbutt something.
You feel very sick. Something hits you but does no damage.
You are more poisoned.
You hit something but do no damage.
You feel very sick. Something hits you but does no damage.
You are lethally poisoned!
A red film seems to cover your vision as you go berserk!
You feel yourself moving faster!
You feel mighty!
* * * LOW HITPOINT WARNING * * *
You feel extremely sick. Something hits you but does no damage.
You are lethally poisoned!
You barely miss something. Your headbutt misses something.
* * * LOW HITPOINT WARNING * * *
You feel very sick. Something hits you but does no damage.
You are more poisoned.
You puncture something! You burn something. Trog accepts your kill.
Trog appreciates your killing of a magic user.
Reactivating autopickup.
You feel a bit more experienced.
* * * LOW HITPOINT WARNING * * *
You feel extremely sick.
You are too berserk!
* * * LOW HITPOINT WARNING * * *
You feel very sick.
You feel a strong urge to attack something.
* * * LOW HITPOINT WARNING * * *
You feel very sick.
You are too berserk!
You are too berserk!
Okay, then.
Okay, then.
You are too berserk!
There is a lethal amount of poison in your body!
You die...

#####......##..#...#..©..#
#.##..#######.##.#.....#..
#....## #.# ...###=..#
#.#### #.## .#..55?..
#.######### #..###. #####.
#.#.......# ##...####.©.##
#.#.#####.# ###..........
########.#.# #)#
#######.... .........#.#
#@# ##.## ########.#.# #.#
#... #.#.# #.# #.#. #####
#.#.# #.# #.#. ....# #.#.#
#.# #.## ###.#
#.#.#####.######### ##.##
#.# #............<....#
##...# #.#
#...####.########.###.....
#.# #####
#.########)##......


There were no monsters in sight!

Vanquished Creatures
  Pikel (D:6)
  Prince Ribbit (D:7)
  Sigmund (D:4)
  Eustachio (D:6)
  Edmund (D:6)
  An acid dragon (D:7)
  Duvessa (D:7)
  2 orc warriors (D:7)
  A necrophage (D:7)
  A hornet zombie (D:8)
  2 sky beasts (D:6)
  An ogre (D:6)
  2 phantoms
  A lemure (D:6)
  A bullfrog (D:6)
  A scorpion (D:4)
  Dowan (D:7)
  2 howler monkeys
  3 hounds
  A jelly (D:7)
  2 orc priests (D:7)
  Jessica (D:3)
  2 gnoll shamans
  2 iguanas (D:5)
  4 orc wizards (D:7)
  A hound skeleton (D:5)
  A howler monkey zombie (D:7)
  6 gnolls
  4 adders
  A worm (D:5)
  4 dart slugs
  16 orcs
  5 ball pythons
  5 endoplasms
  A giant cockroach (D:3)
  13 goblins
  7 hobgoblins
  4 bats
  3 frilled lizards
  9 kobolds
  3 rats
120 creatures vanquished.

Vanquished Creatures (collateral kills)
  3 gnolls (D:4)
3 creatures vanquished.

Vanquished Creatures (others)
  4 fungi (D:2)
  13 plants
17 creatures vanquished.

Grand Total: 140 creatures vanquished

Notes
Turn   | Place    | Note
-------+----------+-------------------------------------------
     0 | D:1      | croobank the Minotaur Berserker began the quest for the
                  | Orb.
     0 | D:1      | Reached XP level 1. HP: 19/19 MP: 0/0
   508 | D:1      | Reached XP level 2. HP: 27/27 MP: 1/1
   544 | D:1      | Found Gepidiwapu's Weapon Emporium.
  1562 | D:2      | Reached XP level 3. HP: 33/33 MP: 2/2
  1579 | D:2      | Reached ** piety under Trog
  2065 | D:2      | Found a faded altar of an unknown god.
  2113 | D:2      | Noticed a phantom
  2140 | D:2      | Killed a phantom
  2141 | D:2      | Reached XP level 4. HP: 16/41 MP: 3/3
  2384 | D:3      | Noticed Jessica
  2389 | D:3      | Killed Jessica
  2390 | D:3      | Reached XP level 5. HP: 38/47 MP: 4/4
  3426 | D:4      | Reached skill level 5 in Fighting
  3426 | D:4      | Reached skill level 5 in Axes
  3427 | D:4      | Found a runed translucent door.
  3486 | D:4      | Reached XP level 6. HP: 7/56 MP: 5/5
  3874 | D:4      | Noticed HallandMoats's ghost (amateur DsFi)
  4187 | D:4      | Found a runed translucent door.
  4294 | D:4      | Noticed Sigmund
  4449 | D:4      | Killed Sigmund
  4665 | D:5      | Entered Level 5 of the Dungeon
  4687 | D:5      | Reached skill level 5 in Armour
  4687 | D:5      | Reached XP level 7. HP: 62/62 MP: 6/6
  5124 | D:6      | Noticed Eustachio
  5146 | D:6      | Killed Eustachio
  5147 | D:6      | Reached skill level 5 in Dodging
  5246 | D:6      | Noticed Edmund
  5263 | D:6      | Killed Edmund
  5452 | D:6      | Reached XP level 8. HP: 50/71 MP: 7/7
  5564 | D:6      | Found an iron altar of Okawaru.
  5564 | D:6      | Found a shimmering altar of Xom.
  5598 | D:6      | Noticed Pikel
  5614 | D:6      | Killed Pikel
  5763 | D:6      | Found a staircase to the Ecumenical Temple.
  5787 | D:6      | Found a hazy altar of Hepliaklqana.
  6537 | D:7      | Found a transporter.
  6540 | D:7      | Noticed grumblor's ghost (novice DjGl)
  6580 | D:7      | Found a transporter.
  6581 | D:7      | Noticed Dowan
  6582 | D:7      | Noticed Duvessa
  6600 | D:7      | Killed Duvessa
  6601 | D:7      | Reached XP level 9. HP: 51/81 MP: 8/8
  6612 | D:7      | Killed Dowan
  7138 | D:7      | Reached *** piety under Trog
  7384 | D:7      | Found a sparkling altar of Nemelex Xobeh.
  7388 | D:7      | Noticed Prince Ribbit
  7398 | D:7      | Killed Prince Ribbit
  7815 | D:8      | Noticed a two-headed ogre
  7838 | D:7      | HP: 6/123 [poisoned by an orc wizard]
  7839 | D:7      | HP: 1/123 [poisoned by an orc wizard]
  7840 | D:7      | Succumbed to an orc wizard's poison

Illustrated notes

Levels and vault maps discovered:
D:1:      dpeg_arrival_chambers_temple_mockup, layout_loops_corners,
          serial_shops, nicolae_shop_bloodbath_and_beyond
D:2:      layout_loops_cross, shapermc_ecumenical_altar_mp_urbaneastern
D:3:      layout_basic, grunt_ministairs_7, uniq_jessica
D:4:      layout_cave_pools, ebering_ghost_sewer_f, minivault_27, uniq_sigmund
D:5:      layout_cave_pods, serial_bayou, serial_bayou_pond_a,
          serial_bayou_pond_d, serial_bayou_lagoon_b, serial_bayou_pond_a
D:6:      layout_loops_ring, mainiacjoe_overflow_tiny_flanked,
          gammafunk_temple_overflow_wave, minmay_temple_entry_from_below_b,
          uniq_eustachio, uniq_edmund, uniq_pikel
D:7:      layout_loops_ring, nicolae_overflow_crystal_walls,
          gammafunk_ghost_stat_death, uniq_duvessa, uniq_prince_ribbit1
D:8:      layout_loops_cross, serial_shops, nicolae_shop_crystal,
          nicolae_shop_trees, nicolae_shop_stone, shop,
          nicolae_shop_window_shopping, chequers_serial_rivers_marsh, uniq_grum

Skill      XL: |  1  2  3  4  5  6  7  8  9 |
---------------+----------------------------+-----
Fighting       | 4 5 6 7 8 |  8.7
Axes           | 4 5 6 7 8 |  8.7
Armour         | 3 4 5 6 7 8 |  8.2
Dodging        | 3 4 5 6 7 |  7.5

Action                   |  1- 3 |  4- 6 |  7- 9 || total
-------------------------+-------+-------+-------++-------
Melee: Hand axe          |    95 |    15 |       ||   110
       Headbutt          |     8 |    14 |    56 ||    78
       Punch             |     1 |     1 |     2 ||     4
       Dagger            |       |    71 |   256 ||   327
Throw: Dart              |       |     3 |     7 ||    10
       Stone             |       |     2 |       ||     2
Invok: Trog's Hand       |     1 |       |     1 ||     2
       Berserk           |       |       |     1 ||     1
  Use: Scroll            |       |     8 |     2 ||    10
       Potion            |       |     5 |     1 ||     6
Armor: Animal skin       |    15 |       |       ||    15
       Ring mail         |     5 |    14 |     4 ||    23
       Skin              |       |    10 |       ||    10
       Plate armour      |       |       |   134 ||   134
Dodge: Dodged            |    57 |    47 |   119 ||   223

Table legend: (Time is in decaauts)
 A = Elapsed time spent in this place.
 B = Non-inter-level travel time spent in this place.
 C = Inter-level travel time spent in this place.
 D = Time resting spent in this place.
 E = Time spent auto-exploring this place.
 F = Levels seen in this place.
 G = Mean time per level.
                   A        B        C        D        E       F      G
               +--------+--------+--------+--------+--------+-----+--------+
         Total |   7845 |   7654 |    191 |    947 |   5321 |   8 |  980.6 |
       Dungeon |   7845 |   7654 |    191 |    947 |   5321 |   8 |  980.6 |
               +--------+--------+--------+--------+--------+-----+--------+

Top non-repeatable levels by time:
     D:7: 1460 daAuts
     D:6: 1418 daAuts
     D:1: 1396 daAuts
     D:4: 1245 daAuts
     D:3: 1088 daAuts
     D:2: 943 daAuts
     D:5: 279 daAuts
     D:8: 13 daAuts
